 Dungeon Crawl Stone Soup version 0.30.0-5-g1a98f26d00 (webtiles) character file.

Game seed: 7671687118708854023

125 Edyrem the Poker (level 5, -3/43 HPs)
             Began as a Merfolk Monk on May 10, 2023.
             Slain by Sigmund
             ... wielding a +0 scythe
              (5 damage)
             ... on level 3 of the Dungeon.
             The game lasted 00:05:29 (2140 turns).

Edyrem the Poker (Merfolk Monk)                     Turns: 2140, Time: 00:05:30

Health: -3/43      AC:  6    Str: 13    XL:     5   Next: 9%
Magic:  5/5        EV: 10    Int: 10    God:
Gold:   90         SH:  0    Dex: 16    Spells: 4/4 levels left

rFire   . . .        a - +0 spear
rCold   . . .        d - orb {light}
rNeg    . . .        u - +0 scale mail
rPois   .            (no helmet)
rElec   .            (no cloak)
rCorr   .            (no gloves)
SInv    .            (no boots)
Will    .....        (no amulet) Stlth
                     (no ring)
HPRegen 0.27/turn    (no ring)
MPRegen 0.09/turn

%: no passive effects
@: confused, glowing
A: (nimble swimmer 2), mertail
a: no special abilities


You were on level 3 of the Dungeon.
You visited 1 branch of the dungeon, and saw 3 of its levels.

You collected 110 gold pieces.
You spent 20 gold pieces at shops.

Inventory:

Hand Weapons
 a - a +0 spear (weapon)
Missiles
 j - 2 throwing nets
 q - 6 poisoned darts (quivered)
Armour
 b - a +0 robe
 d - an orb of light (worn)
 f - an orb of energy
 u - a +0 scale mail (worn)
Jewellery
 y - a ring of fire
Scrolls
 g - 4 scrolls of identify {@r1}
 h - a scroll of teleportation {unknown}
 k - a scroll of magic mapping {unknown}
 m - a scroll of poison {unknown}
 n - a scroll of immolation {unknown}
 o - a scroll of fog {unknown}
 r - a scroll of brand weapon {unknown}
 s - a scroll of enchant armour {unknown}
 t - a scroll of butterflies {unknown}
 v - 2 scrolls of blinking {unknown}
 w - a scroll of enchant weapon {unknown}
Potions
 c - a potion of ambrosia
 e - 5 potions of curing {unknown}
 i - a potion of flight {unknown}
 l - 2 potions of brilliance {unknown}
 p - a potion of heal wounds {unknown}
 x - a potion of haste {unknown}


   Skills:
 + Level 4.9 Fighting
 + Level 5.9 Polearms
 - Level 4.0 Dodging


You had 4 spell levels left.
You didn't know any spells.
Your spell library contained the following spells:

 Spells                   Type           Power      Damage    Failure   Level
 Apportation              Tloc           0%         N/A       88%         1
 Shock                    Conj/Air       0%         1d3       88%         1
 Blink                    Tloc           0%         N/A       96%         2
 Sublimation of Blood     Necr           0%         N/A       96%         2
 Wereblood                Tmut           0%         N/A       96%         2
 Swiftness                Air            0%         N/A       99%         3
 Airstrike                Air            0%         2d(0-16)  100%        4
 Animate Dead             Necr           0%         N/A       100%        4
 Manifold Assault         Tloc           0%         N/A       100%        4
 Alistair's Intoxication  Tmut/Pois      0%         N/A       100%        5
 Haunt                    Necr/Summ      0%         N/A       100%        7
 Storm Form               Tmut/Air       0%         N/A       100%        7
 Summon Hydra             Summ           0%         N/A       100%        7
 Infestation              Necr           0%         N/A       100%        8


Dungeon Overview and Level Annotations

Branches:
Dungeon (3/15)

Altars:

Shops:
D:2 *

Annotations:
D:3 Sigmund


Innate Abilities, Weirdness & Mutations

((You are very nimble when in or above water. (Stealth+, EV+, Speed+++)))
Your lower body shifts to a powerful aquatic tail in water.


Message History

You reach to attack!
You hit Sigmund.
Sigmund is moderately wounded.
You reach to attack!
You hit Sigmund.
Sigmund is heavily wounded.
Sigmund gestures at you while chanting. The puff of flame hits you!
You are too injured to fight recklessly!
You are too injured to fight recklessly!
Reach: a) +0 spear
Press: ? - help, Dir - move target, f/p - Sigmund
Aim: Sigmund, wielding a +0 scythe and wearing a +2 robe of willpower (heavily wounded, haloed, about 21% to evade your +0 spear)
You reach to attack!
You hit Sigmund.
Sigmund is heavily wounded.
Sigmund gestures at you while chanting. The magic dart hits you.
Reach: a) +0 spear
Press: ? - help, Dir - move target, f/p - Sigmund
Aim: Sigmund, wielding a +0 scythe and wearing a +2 robe of willpower (heavily wounded, haloed, about 21% to evade your +0 spear)
You reach to attack!
You hit Sigmund.
Sigmund is severely wounded.
Sigmund points at you and mumbles some strange words.
The puff of flame hits you!
* * * LOW HITPOINT WARNING * * *
Reach: a) +0 spear
Press: ? - help, Dir - move target, f/p - Sigmund
Aim: Sigmund, wielding a +0 scythe and wearing a +2 robe of willpower (severely wounded, haloed, about 21% to evade your +0 spear)
You reach to attack!
You hit Sigmund.
Sigmund is almost dead.
Sigmund casts a spell at you.
You are confused.
You're too confused to aim your attacks!
You're too confused to aim your attacks!
You bump into the rock wall.
Sigmund hits you from afar with a +0 scythe!
* * * LOW HITPOINT WARNING * * *
You're too confused to aim your attacks!
You're too confused to move!
You bump into the rock wall.
Sigmund hits you from afar with a +0 scythe.
You die...

##.###†..####....#.##
#....#.....(...)..##
#.#.##.#######...###
#.#.##†####....>....
#...........##...###
###.##..#######.##
#.##.†# #...
#.##..#########.#
#@##.......... .#
#.###.######## # #@#
#.# #.# #.# #.# #.#
#.# #.# #.# #.# #.#
#.#


You could see Sigmund.

Vanquished Creatures
  Natasha (twice) (D:3)
  3 adders
  A worm (D:3)
  5 ball pythons
  4 endoplasms
  4 giant cockroaches
  3 goblins (D:1)
  6 hobgoblins
  3 quokkas
  4 bats
  A frilled lizard (D:1)
  5 kobolds
  4 rats
45 creatures vanquished.

Notes
Turn   | Place    | Note
-------+----------+-------------------------------------------
     0 | D:1      | Edyrem the Merfolk Monk began the quest for the Orb.
     0 | D:1      | Reached XP level 1. HP: 18/18 MP: 1/1
    67 | D:1      | Reached XP level 2. HP: 21/24 MP: 2/2
   462 | D:1      | Reached XP level 3. HP: 28/30 MP: 3/3
   462 | D:1      | Found a faded altar of an unknown god.
  1133 | D:2      | Reached skill level 5 in Polearms
  1159 | D:2      | Found Uso Pysoo's General Store.
  1166 | D:2      | Bought a scroll of identify for 20 gold pieces
  1530 | D:3      | Reached XP level 4. HP: 24/38 MP: 4/4
  1907 | D:3      | Noticed Natasha
  1919 | D:3      | Killed Natasha
  2070 | D:3      | Noticed Natasha
  2078 | D:3      | Killed Natasha
  2079 | D:3      | Reached XP level 5. HP: 28/43 MP: 5/5
  2128 | D:3      | Noticed Sigmund
  2138 | D:3      | HP: 2/43 [Sigmund/+0 scythe (10)]
  2140 | D:3      | Slain by Sigmund

Illustrated notes

Levels and vault maps discovered:
D:1:      lightli_arrival_chessboard, layout_basic,
          hellmonk_ecumenical_altar_prayer_group, serial_rivers,
          chequers_serial_rivers_small_b, chequers_serial_rivers_micro_d,
          chequers_serial_rivers_small_a, chequers_serial_rivers_small_a
D:2:      layout_basic, serial_shops, shop
D:3:      layout_loops_ring, uniq_sigmund, uniq_natasha

Skill      XL: |  1  2  3 |
---------------+----------+-----
Fighting       | 4 |  4.9
Polearms       | 5 |  5.9
Dodging        | |  4.0

Action                     |  1- 3 |  4- 6 || total
---------------------------+-------+-------++-------
  Melee: Spear             |   127 |    54 ||   181
 Armour: Robe              |    14 |       ||    14
         Scale mail        |       |     8 ||     8
  Dodge: Dodged            |    47 |    16 ||    63
